 Dungeon Crawl Stone Soup version 0.30.0-20-g3615ddf2f0 (webtiles) character file.

Game seed: 8569438293702355702

174217 qw the Peltast (level 18, 0/119 HPs)
             Began as a Gargoyle Fighter on May 31, 2023.
             Was a High Priest of Okawaru.
             Slain by a merfolk
             ... wielding a +0 glaive
             ... led by a merfolk impaler
              (1 damage)
             ... while paralysed by a sphinx
             ... on level 4 of the Shoals.
             The game lasted 00:18:46 (27417 turns).

qw the Peltast (Gargoyle Fighter)                  Turns: 27417, Time: 00:18:47

Health: 0/119      AC: 46    Str: 30    XL:     18   Next: 6%
Magic:  25/25      EV:  2    Int: 10    God:    Okawaru [*****.]
Gold:   1563       SH:  0    Dex:  9    Spells: 17/17 levels left

rFire   . . .        s - +5 war axe of the Incandescent {vamp, rElec}
rCold   . . .        G - +0 tower shield
rNeg    + . .        g - +5 chain mail of Action {+Blink Str+3}
rPois   inf          f - +1 helmet
rElec   +            t - +2 cloak {Will+}
rCorr   .            n - +2 pair of gloves
SInv    +            z - +1 pair of boots {Fly}
Will    +....        F - amulet of faith Stlth
                     h - +5 ring of evasion
HPRegen 0.39/turn    e - ring of see invisible
MPRegen 0.19/turn

%: faith
@: paralysed, weak-willed, heroic, flying, mesmerised
A: sickness immunity, AC +13, big wings, negative energy resistance 1,
electricity resistance, torment resistance 1, petrification resistance
a: Renounce Religion, Evoke Blink, Heroism, Finesse, Duel


You were on level 4 of the Shoals.
You worshipped Okawaru.
Okawaru was extremely pleased with you.
You visited 6 branches of the dungeon, and saw 30 of its levels.
You also visited: Ossuary.

You collected 4188 gold pieces.
You spent 2625 gold pieces at shops.


Innate Abilities, Weirdness & Mutations

You are immune to sickness and miasma.
Your stone body is resilient. (AC +13)
You are immune to poison.
Your large and strong wings let you fly.
You resist negative energy. (rN+)
You are resistant to electric shocks. (rElec)
You are resistant to unholy torment.
You are immune to petrification.


   Skills:
 + Level 15.1(20.1) Fighting
 - Level 16.0(21.0) Axes
 - Level 7.1(12.1) Throwing
 - Level 13.0(18.0) Armour
 - Level 4.0(9.0) Dodging
 - Level 18.7(23.7) Shields
 - Level 10.0 Invocations


You had 17 spell levels left.
You didn't know any spells.
Your spell library was empty.

Inventory:

Hand Weapons
 s - the +5 war axe of the Incandescent (weapon) {vamp, rElec}
   (Okawaru gifted it to you on level 3 of the Lair of Beasts)

   rElec:     It insulates you from electricity.
 x - a +1 broad axe of electrocution
 I - a +1 hand axe of flaming
Missiles
 q - 17 boomerangs
 u - 10 javelins (quivered)
 B - 6 silver boomerangs
Armour
 f - a +1 helmet (worn)
 g - the +5 chain mail of Action (worn) {+Blink Str+3}
   (You acquired it on level 4 of the Dungeon)

   Str:       It affects your strength (+3).
   +Blink:    It lets you blink.
 n - a +2 pair of gloves (worn)
 t - a +2 cloak of willpower (worn)
 y - the +4 ring mail of the Shore {rPois Regen+ rCorr Str-2 Stlth+}
   (You found it on level 1 of the Lair of Beasts)

   Str:       It affects your strength (-2).
   rPois:     It protects you from poison.
   Regen:     It increases your rate of health regeneration.
   rCorr:     It protects you from acid and corrosion.
   Stlth:     It makes you more stealthy.
 z - a +1 pair of boots of flying (worn)
 G - a +0 tower shield (worn)
Jewellery
 e - a ring of see invisible (right hand)
 h - a +5 ring of evasion (left hand)
 l - an amulet of reflection
 C - the amulet "Acyc" {Drain rC++ rN+ Regen+ Int+2}
   (You found it on level 13 of the Dungeon)

   [amulet of regeneration]

   Int:       It affects your intelligence (+2).
   rC:        It greatly protects you from cold.
   rN:        It protects you from negative energy.
   Regen:     It increases your rate of health regeneration.
   Drain:     It drains your maximum health when unequipped.
 D - the amulet "Tedwomoz" {RegenMP rF++ Str+3}
   (You found it on level 13 of the Dungeon)

   [amulet of magic regeneration]

   It increases your rate of magic regeneration.
   Str:       It affects your strength (+3).
   rF:        It greatly protects you from fire.
 F - an amulet of faith (around neck)
Wands
 H - a wand of digging (15)
Scrolls
 a - 12 scrolls of identify
 k - 17 scrolls of teleportation
 A - 2 scrolls of brand weapon
 E - 4 scrolls of enchant weapon
Potions
 b - 3 potions of lignification
 c - 5 potions of resistance
 d - 6 potions of might
 i - 10 potions of haste
 j - 17 potions of curing
 m - 5 potions of attraction
 o - 3 potions of heal wounds
 p - 7 potions of mutation
 v - a potion of cancellation
 w - a potion of magic

Dungeon Overview and Level Annotations

Branches:
Dungeon (15/15)            Temple (1/1) D:6            Lair (5/5) D:10
 Shoals (4/4) Lair:3        Snake (3/4) Lair:2        Slime (0/5) Lair:5
    Orc (2/2) D:11            Elf (0/3) Orc:2        Vaults (0/5) D:14
 Depths (0/4) D:15        Ossuary (visited)

Altars:
Ashenzari
Cheibriados
Dithmenos
Elyvilon
Fedhas
Gozag
Hepliaklqana
Kikubaaqudgha
Makhleb
Nemelex Xobeh
Okawaru
Qazlal
Ru
Sif Muna
Trog
Uskayaw
Vehumet
Wu Jian
Xom
Yredelemnul
Zin
The Shining One
Jiyva

Shops:
D:4 :   D:5 =   D:8 (   D:10 !   D:15 ?*   Orc:2 *:[!:*   Snake:2 ?

Portals:
Trove: D:11 (show slimy rune of Zot)

Annotations:
D:4 1 runed translucent door, qw's ghost, amateur GrFi
Lair:5 1 runed translucent door


Message History

The merfolk siren chants its luring song.
The merfolk hits you but does no damage.
The merfolk impaler hits you from afar with a +5 trident of flaming.
The merfolk impaler burns you. The sphinx barely misses you.
The sphinx hits you but does no damage. x2
The merfolk hits you but does no damage.
The merfolk siren chants its luring song.
The satyr shoots an arrow.
The arrow hits you but does no damage.
The merfolk impaler hits you from afar with a +5 trident of flaming.
The merfolk impaler burns you.
The merfolk siren chants its luring song.
The merfolk throws a silver boomerang.
The silver boomerang hits you!
The merfolk hits you but does no damage.
The merfolk impaler hits you from afar with a +5 trident of flaming!
The merfolk impaler burns you! The sphinx hits you but does no damage.
The sphinx barely misses you. The sphinx hits you. The water nymph touches you.
The merfolk hits you but does no damage.
The merfolk siren chants its luring song. x2
The satyr shoots an arrow.
The arrow hits you but does no damage.
The merfolk hits you but does no damage.
The merfolk impaler barely misses you.
The merfolk hits you but does no damage.
The sphinx hits you.
The sphinx hits you but does no damage. x2
The water nymph gestures at you while chanting.
The water rises up and strikes you!
The merfolk impaler hits you from afar with a +5 trident of flaming.
The merfolk impaler burns you.
The merfolk hits you but does no damage.
The merfolk siren chants its luring song.
The satyr shoots an arrow.
The arrow hits you but does no damage.
The merfolk hits you from afar with a +0 trident!
The merfolk siren chants its luring song.
The merfolk hits you but does no damage.
The merfolk impaler hits you but does no damage.
You hear a shout!
The sphinx hits you but does no damage. x3
The water nymph casts a spell at you. The water rises up and strikes you!
The merfolk hits you from afar with a +0 glaive.
You die...

#.(....)%))##...~~
.......)())..P..~~
PP...#))%))....~~~~~~
...[##%m#%)....~~~~~~~
~~~ #~~).~~~~~~~~~~~~~
#H)~#'m)###.~~~~~~
#~mE#..mm.##.~~~~~
~......##~.m....#.~~~~
~.........~mc@...#.~~~
~~~~...~.~~EmH....#
.[.~~.....~~H###...#
#####8..###### #....~
#..~ #...# ... #..#
#.. .


You could see a sphinx, a merfolk impaler, a satyr, 3 merfolk, a manticore, a
water elemental, 2 merfolk sirens and a water nymph.

Vanquished Creatures
  Mara (Shoals:3)
  Nikola (Snake:3)
  Rupert (Lair:4)
  Polyphemus (Shoals:2)
  A sphinx (Shoals:4)
  Ilsuiw (Shoals:2)
  Kirke (Lair:3)
  Donald (Shoals:4)
  Aizul (Snake:1)
  2 minotaurs (Shoals:4)
  9 merfolk impalers
  A rakshasa (D:14)
  2 fire dragons (D:15)
  2 hydras
  4 vault guards (D:14)
  5 centaur warriors
  A catoblepas (Shoals:2)
  2 merfolk avatars
  3 boulder beetles
  6 satyrs
  11 two-headed ogres
  2 ogre magi (D:15)
  8 anacondas
  A tengu warrior (D:15)
  3 alligator snapping turtles (Shoals:4)
  A merfolk aquamancer (Shoals:3)
  3 orc high priests (Orc:2)
  2 death yaks (Shoals:2)
  8 naga warriors
  Urug (D:10)
  A naga sharpshooter (Snake:2)
  2 shock serpents
  Sonja (D:10)
  2 salamander mystics
  Amaemon (Lair:3)
  4 skysharks
  7 sea snakes
  3 naga ritualists
  3 orc knights (Orc:2)
  A wizard (D:12)
  A harpy (shapeshifter) (D:15)
  8 mana vipers
  13 harpies
  3 deep elf pyromancers
  A wolf spider (D:15)
  5 orc sorcerers (Orc:2)
  21 manticores
  20 ugly things
  5 cyclopes
  9 salamanders
  15 fauns
  Maurice (D:8)
  10 naga magi
  A guardian serpent (Snake:2)
  3 elephants (Lair:3)
  20 black mambas
  11 merfolk sirens
  2 gargoyles
  A rime drake (Lair:5)
  2 torpor snails (Lair:1)
  7 water nymphs
  10 cane toads
  An orange demon (Lair:3)
  Maggie (D:8)
  2 efreet
  2 ice devils (Lair:5)
  7 komodo dragons
  A tengu conjurer (D:15)
  17 merfolk
  8 trolls
  A meliai (shapeshifter) (D:14)
  3 wind drakes
  9 polar bears (Lair:5)
  3 meliai (D:13)
  2 raiju (Lair:5)
  5 dream sheep
  3 blink frogs (Lair:5)
  7 snapping turtles
  A shadow (D:11)
  6 slime creatures (D:15)
  3 wyverns
  A water elemental (Shoals:1)
  3 wraiths
  4 fire bats (Lair:1)
  3 hogs (Lair:3)
  2 basilisks
  Menkaure (D:4)
  46 yaks
  2 steam dragons (D:7)
  10 vampire mosquitoes
  6 wargs (Lair:5)
  27 nagas
  2 acid dragons
  10 water moccasins
  13 hell hounds (Lair:5)
  An ice beast (D:5)
  24 orc warriors
  3 sky beasts
  13 black bears
  13 centaurs
  14 ogres
  21 wolves
  3 phantoms
  4 kobold brigands
  11 bullfrogs
  2 gnoll sergeants
  7 scorpions
  15 killer bees
  2 howler monkeys
  2 electric eels
  4 hounds
  17 orc priests
  A gnoll bouda (D:6)
  2 jellies
  An iguana (D:6)
  23 orc wizards
  13 mummies (Ossuary)
  19 gnolls
  6 adders
  A white imp (D:7)
  2 worms (D:2)
  A dart slug (D:5)
  63 orcs
  5 endoplasms
  3 giant cockroaches
  11 goblins
  7 hobgoblins
  8 quokkas
  9 ball pythons
  7 bats
  A frilled lizard (D:2)
  2 goblin skeletons (Ossuary)
  22 kobolds
  2 kobold skeletons (Ossuary)
  4 orc skeletons (Ossuary)
  2 quokka zombies (D:5)
  5 rats
  11 rat skeletons (Ossuary)
  A butterfly (D:6)
  A spectral weapon (Shoals:1)
881 creatures vanquished.

Vanquished Creatures (others)
  An orc knight (Orc:2)
  A guardian serpent (Snake:3)
  A black mamba (Snake:3)
  A naga mage (Snake:3)
  2 nagas (Snake:3)
  An orc priest (Orc:2)
  An orc (D:7)
  A fire vortex (D:11)
9 creatures vanquished.

Grand Total: 890 creatures vanquished

Notes
Turn   | Place    | Note
-------+----------+-------------------------------------------
     0 | D:1      | qw the Gargoyle Fighter began the quest for the Orb.
     0 | D:1      | Reached XP level 1. HP: 14/14 MP: 1/1
     0 | D:1      | 0 ||| qw: Version: 0.2-a-102-gfc559e5
     0 | D:1      | 0 ||| qw: Game counter: 594
     0 | D:1      | 0 ||| qw: Always use a shield: true
     0 | D:1      | 0 ||| qw: God list: Okawaru
     0 | D:1      | 0 ||| qw: Allow faded altars: false
     0 | D:1      | 0 ||| qw: Do Orc after D:15 true
     0 | D:1      | 0 ||| qw: Do second Lair branch before Depths: true
     0 | D:1      | 0 ||| qw: Lair rune preference: random
     0 | D:1      | 0 ||| qw: Plans: Normal, Zot:1-4, Slime:5, God:TSO, Crypt,
                  | Tomb, Pan, Hells, Abyss, Win
     0 | D:1      | 0 ||| PLANNING D:1-11
    44 | D:1      | 44 ||| DROPPING +0 hand axe of distortion.
    92 | D:1      | 92 ||| Stepping ~*~*~tactically~*~*~ (stealth).
   235 | D:1      | Reached XP level 2. HP: 16/19 MP: 2/2
   522 | D:1      | Found a faded altar of an unknown god.
  1005 | D:1      | 1005 ||| UPGRADING to +0 helmet.
  1010 | D:1      | 1010 ||| UPGRADING to +5 ring of evasion.
  1011 | D:1      | 1011 ||| READING scroll labelled WUOCSY CU QUE.
  1012 | D:1      | 1012 ||| READING scroll labelled ONEYHE TAUROUG.
  1067 | D:2      | Reached skill level 3 in Axes
  1112 | D:2      | Reached XP level 3. HP: 23/23 MP: 3/3
  1174 | D:2      | Found an ornate altar of the Wu Jian Council.
  1195 | D:2      | You fall into a shaft and drop 2 floors!
  1196 | D:4      | 1196 ||| READING scroll labelled VUARHU UJOHICVIWN.
  1196 | D:4      | Identified a scroll of acquirement
  1196 | D:4      | 1196 ||| ACQUIRING +5 chain mail of Action {+Blink Str+3}
  1196 | D:4      | Acquired the +5 chain mail of Action {+Blink Str+3}
  1198 | D:4      | 1198 ||| UPGRADING to +5 chain mail of Action {+Blink
                  | Str+3}.
  1208 | D:4      | 1208 ||| DROPPING +0 scale mail.
  1209 | D:4      | 1209 ||| READING scroll labelled MAYFYI TEWNAI.
  1228 | D:3      | Reached XP level 4. HP: 28/28 MP: 4/4
  1263 | D:3      | 1263 ||| READING scroll labelled ONUXUU HUNKU.
  1272 | D:3      | 1272 ||| FLEEEEING.
  1273 | D:3      | 1273 ||| FLEEEEING.
  1274 | D:3      | 1274 ||| STAIRDANCE
  1606 | D:2      | 1606 ||| READING scroll of enchant armour.
  1606 | D:2      | 1606 ||| ENCHANTING +0 helmet.
  1713 | D:2      | 1713 ||| READING scroll labelled LEOQ QETIRUJ.
  1714 | D:2      | 1714 ||| READING scroll labelled UNOSOA KUKHALOMM.
  1715 | D:2      | 1715 ||| READING 3 scrolls labelled LYUCLOX MURA.
  1719 | D:2      | 1719 ||| READING 2 scrolls of identify.
  1719 | D:2      | 1719 ||| IDENTIFYING glowing purple potion
  1984 | D:3      | 1984 ||| Stepping ~*~*~tactically~*~*~ (stealth).
  2191 | D:3      | 2191 ||| UPGRADING to amulet of reflection.
  2196 | D:3      | 2196 ||| READING scroll labelled NOANAS KUISOC.
  2197 | D:3      | 2197 ||| DROPPING +0 whip.
  2198 | D:3      | 2198 ||| DRINKING 2 bubbling orange potions.
  2199 | D:3      | 2199 ||| READING 2 scrolls of identify.
  2199 | D:3      | 2199 ||| IDENTIFYING murky black potion
  2233 | D:4      | Found a runed translucent door.
  2307 | D:4      | Reached XP level 5. HP: 32/32 MP: 5/5
  2471 | D:4      | Noticed a phantom
  2483 | D:4      | Killed a phantom
  2484 | D:4      | Reached XP level 6. HP: 37/37 MP: 6/6
  2527 | D:4      | Found Ryemmon's Book Shop.
  2881 | D:4      | Noticed Menkaure
  2892 | D:4      | Killed Menkaure
  2893 | D:4      | Reached skill level 6 in Axes
  2893 | D:4      | Reached XP level 7. HP: 44/44 MP: 7/7
  2960 | D:4      | Noticed qw's ghost (amateur GrFi)
  2962 | D:4      | 2962 ||| UPGRADING to ring of see invisible.
  2963 | D:4      | 2963 ||| READING scroll labelled COFITUR TUSUBIH.
  3040 | D:5      | Entered Level 5 of the Dungeon
  3040 | D:5      | Found Lifepel's Jewellery Boutique.
  3041 | D:5      | 3041 ||| PLANNING OSSUARY
  3044 | D:5      | 3044 ||| SHOPLISTING +4 ring of protection (432 gold, have
                  | 244).
  3044 | D:5      | 3044 ||| SHOPLISTING +6 ring of dexterity (432 gold, have
                  | 244).
  3044 | D:5      | 3044 ||| SHOPLISTING ring of Qazlal's Castigation {rN+
                  | Will+ MP+9 Int-4} (560 gold, have 244).
  3044 | D:5      | 3044 ||| SHOPLISTING ring of fire (300 gold, have 244).
  3044 | D:5      | 3044 ||| SHOPLISTING ring of willpower (300 gold, have
                  | 244).
  3109 | D:5      | Reached skill level 1 in Dodging
  3117 | D:5      | 3117 ||| Stepping ~*~*~tactically~*~*~ (stealth).
  3121 | D:5      | 3121 ||| Stepping ~*~*~tactically~*~*~ (hiding).
  3133 | D:5      | Reached XP level 8. HP: 48/49 MP: 8/8
  3196 | D:5      | 3196 ||| Stepping ~*~*~tactically~*~*~ (stealth).
  3224 | D:5      | 3224 ||| READING scroll of enchant weapon.
  3224 | D:5      | 3224 ||| ENCHANTING +1 war axe of flaming.
  3336 | D:5      | Found a sand-covered staircase.
  3338 | D:5      | 3338 ||| READING scroll labelled SOTWIE IMID.
  3339 | D:5      | 3339 ||| DRINKING 2 viscous pink potions.
  3340 | D:5      | 3340 ||| DROPPING potion of flight.
  3350 | Ossuary  | Entered an ossuary
  3580 | Ossuary  | Reached skill level 6 in Fighting
  3686 | Ossuary  | 3686 ||| DRINKING 2 lumpy clear potions.
  3687 | Ossuary  | 3687 ||| READING 3 scrolls of identify.
  3687 | Ossuary  | 3687 ||| IDENTIFYING sedimented yellow potion
  3688 | Ossuary  | 3688 ||| READING 2 scrolls of identify.
  3688 | Ossuary  | 3688 ||| IDENTIFYING brown potion
  3689 | Ossuary  | 3689 ||| DROPPING potion of brilliance.
  3728 | D:5      | 3728 ||| PLANNING D:1-11
  4262 | D:5      | 4262 ||| Stepping ~*~*~tactically~*~*~ (hiding).
  4562 | D:6      | Reached skill level 9 in Axes
  4582 | D:6      | Found a staircase to the Ecumenical Temple.
  4583 | D:6      | 4583 ||| PLANNING TEMPLE
  4588 | D:6      | 4588 ||| UPGRADING to +0 pair of gloves.
  4601 | Temple   | Entered the Ecumenical Temple
  4674 | Temple   | 4674 ||| PLANNING OKAWARU WORSHIP
  5095 | Temple   | Became a worshipper of Warmaster Okawaru
  5095 | Temple   | 5095 ||| PLANNING D:1-11
  5143 | D:6      | Reached XP level 9. HP: 42/55 MP: 9/9
  5317 | D:6      | 5317 ||| Stepping ~*~*~tactically~*~*~ (hiding).
  5329 | D:6      | Reached skill level 4 in Shields
  5681 | D:6      | Reached * piety under Okawaru
  5884 | D:7      | 5884 ||| Stepping ~*~*~tactically~*~*~ (stealth).
  5886 | D:7      | 5886 ||| Stepping ~*~*~tactically~*~*~ (hiding).
  6007 | D:7      | 6007 ||| Stepping ~*~*~tactically~*~*~ (hiding).
  6010 | D:7      | 6010 ||| INVOKING Heroism.
  6016 | D:7      | Reached skill level 1 in Invocations
  6112 | D:7      | 6112 ||| Stepping ~*~*~tactically~*~*~ (stealth).
  6117 | D:7      | Reached skill level 3 in Invocations
  6306 | D:7      | Reached skill level 1 in Throwing
  6321 | D:7      | Noticed a two-headed ogre
  6322 | D:7      | 6322 ||| Stepping ~*~*~tactically~*~*~ (stealth).
  6324 | D:7      | 6324 ||| INVOKING Heroism.
  6330 | D:7      | Killed a two-headed ogre
  6330 | D:7      | Reached ** piety under Okawaru
  6331 | D:7      | Reached XP level 10. HP: 32/63 MP: 9/13
  6480 | D:7      | 6480 ||| Stepping ~*~*~tactically~*~*~ (stealth).
  6660 | D:7      | 6660 ||| Stepping ~*~*~tactically~*~*~ (cloud).
  6662 | D:7      | 6662 ||| Stepping ~*~*~tactically~*~*~ (hiding).
  6664 | D:7      | 6664 ||| INVOKING Heroism.
  6847 | D:7      | 6847 ||| READING scroll labelled LIYPOE PUKKO.
  6848 | D:7      | 6848 ||| READING 6 scrolls of identify.
  6848 | D:7      | 6848 ||| IDENTIFYING murky amethyst potion
  6849 | D:7      | 6849 ||| READING 5 scrolls of identify.
  6849 | D:7      | 6849 ||| IDENTIFYING clear potion
  6850 | D:7      | 6850 ||| DROPPING potion of berserk rage.
  6891 | D:7      | Noticed a two-headed ogre
  6892 | D:7      | 6892 ||| INVOKING Heroism.
  6897 | D:7      | Killed a two-headed ogre
  6924 | D:8      | Found Fodofasa's Hydra Hut.
  6934 | D:8      | Noticed Maggie
  6944 | D:8      | 6944 ||| INVOKING Heroism.
  6950 | D:8      | Killed Maggie
  6951 | D:8      | Reached skill level 5 in Shields
  7030 | D:8      | Noticed a five-headed hydra
  7034 | D:8      | 7034 ||| BUYING +3 war axe of flaming (326 gold).
  7034 | D:8      | Bought a +3 war axe of flaming for 326 gold pieces
  7034 | D:8      | 7034 ||| SWAPPING to +3 war axe of flaming.
  7035 | D:8      | 7035 ||| DROPPING +2 war axe of flaming.
  7094 | D:8      | 7094 ||| Stepping ~*~*~tactically~*~*~ (stealth).
  7106 | D:8      | Reached *** piety under Okawaru
  7150 | D:8      | 7150 ||| Stepping ~*~*~tactically~*~*~ (hiding).
  7347 | D:8      | Noticed Maurice
  7348 | D:8      | 7348 ||| Stepping ~*~*~tactically~*~*~ (hiding).
  7359 | D:8      | Killed Maurice
  7415 | D:8      | Found a blossoming altar of Fedhas.
  7422 | D:8      | 7422 ||| INVOKING Heroism.
  7423 | D:8      | 7423 ||| Stepping ~*~*~tactically~*~*~ (stealth).
  7427 | D:8      | 7427 ||| Stepping ~*~*~tactically~*~*~ (stealth).
  7440 | D:8      | Found a shadowy altar of Dithmenos.
  7611 | D:8      | 7611 ||| UPGRADING to +2 cloak of willpower.
  7660 | D:9      | 7660 ||| Stepping ~*~*~tactically~*~*~ (hiding).
  7661 | D:9      | 7661 ||| Stepping ~*~*~tactically~*~*~ (hiding).
  7662 | D:9      | 7662 ||| Stepping ~*~*~tactically~*~*~ (hiding).
  7672 | D:9      | Reached **** piety under Okawaru
  7672 | D:9      | Received a gift from Okawaru
  7673 | D:9      | Reached XP level 11. HP: 69/69 MP: 14/14
  7675 | D:9      | 7675 ||| Stepping ~*~*~tactically~*~*~ (stealth).
  7694 | D:9      | Reached skill level 6 in Invocations
  7696 | D:9      | Reached skill level 6 in Armour
  7702 | D:9      | 7702 ||| INVOKING Heroism.
  7712 | D:9      | 7712 ||| Stepping ~*~*~tactically~*~*~ (hiding).
  7713 | D:9      | 7713 ||| Stepping ~*~*~tactically~*~*~ (hiding).
  7715 | D:9      | 7715 ||| Stepping ~*~*~tactically~*~*~ (hiding).
  7726 | D:9      | 7726 ||| Stepping ~*~*~tactically~*~*~ (stealth).
  7922 | D:9      | 7922 ||| READING scroll of enchant weapon.
  7922 | D:9      | 7922 ||| ENCHANTING +3 war axe of flaming.
  8146 | D:9      | 8146 ||| READING 3 scrolls labelled XUCIME EJEPUUT.
  8247 | D:9      | 8247 ||| READING 5 scrolls of identify.
  8247 | D:9      | 8247 ||| IDENTIFYING golden potion
  8248 | D:9      | 8248 ||| DROPPING 2 scrolls of silence.
  8249 | D:9      | 8249 ||| DROPPING potion of ambrosia.
  8273 | D:10     | Entered Level 10 of the Dungeon
  8273 | D:10     | Noticed Urug
  8274 | D:10     | 8274 ||| INVOKING Heroism.
  8292 | D:10     | 8292 ||| INVOKING Heroism.
  8294 | D:10     | Killed Urug
  8295 | D:10     | Reached skill level 3 in Throwing
  8398 | D:10     | Found a radiant altar of Vehumet.
  8414 | D:10     | 8414 ||| Stepping ~*~*~tactically~*~*~ (hiding).
  8462 | D:10     | Noticed Sonja
  8471 | D:10     | Killed Sonja
  8472 | D:10     | Reached skill level 9 in Fighting
  8614 | D:10     | Reached ***** piety under Okawaru
  8719 | D:10     | Found Hanoicu's Distillery.
  8727 | D:10     | 8727 ||| BUYING 2 potions of heal wounds (120 gold).
  8727 | D:10     | Bought 2 potions of heal wounds for 120 gold pieces
  8727 | D:10     | 8727 ||| BUYING potion of cancellation (96 gold).
  8727 | D:10     | Bought a potion of cancellation for 96 gold pieces
  8727 | D:10     | 8727 ||| BUYING potion of cancellation (96 gold).
  8727 | D:10     | Bought a potion of cancellation for 96 gold pieces
  8727 | D:10     | 8727 ||| SHOPLISTING potion of curing (36 gold, have 1).
  8727 | D:10     | 8727 ||| SHOPLISTING potion of heal wounds (60 gold, have
                  | 1).
  8727 | D:10     | 8727 ||| SHOPLISTING potion of lignification (36 gold, have
                  | 1).
  8785 | D:10     | Found a staircase to the Lair.
  8786 | D:10     | 8786 ||| INVOKING Heroism.
  8814 | D:10     | 8814 ||| Stepping ~*~*~tactically~*~*~ (stealth).
  8816 | D:10     | 8816 ||| Stepping ~*~*~tactically~*~*~ (stealth).
  8823 | D:10     | 8823 ||| INVOKING Heroism.
  8933 | D:10     | 8933 ||| Stepping ~*~*~tactically~*~*~ (hiding).
  8934 | D:10     | 8934 ||| Stepping ~*~*~tactically~*~*~ (hiding).
  8938 | D:10     | 8938 ||| INVOKING Heroism.
  9123 | D:10     | 9123 ||| PLANNING LAIR
  9123 | D:10     | 9123 ||| DROPPING amulet of regeneration.
  9173 | Lair:1   | Entered Level 1 of the Lair of Beasts
  9197 | Lair:1   | 9197 ||| INVOKING Heroism.
  9378 | Lair:1   | Noticed a five-headed hydra
  9379 | Lair:1   | 9379 ||| INVOKING Heroism.
  9389 | Lair:1   | Killed a one-headed hydra
  9462 | Lair:1   | 9462 ||| READING scroll of acquirement.
  9462 | Lair:1   | 9462 ||| ACQUIRING 784 gold pieces
  9462 | Lair:1   | Acquired 784 gold pieces
  9479 | Lair:1   | 9479 ||| INVOKING Heroism.
  9518 | Lair:1   | 9518 ||| INVOKING Heroism.
  9526 | Lair:1   | Reached skill level 9 in Invocations
  9534 | Lair:1   | Reached XP level 12. HP: 70/76 MP: 18/18
  9638 | Lair:1   | 9638 ||| INVOKING Heroism.
  9660 | Lair:1   | 9660 ||| Stepping ~*~*~tactically~*~*~ (stealth).
  9693 | Lair:1   | Identified the +4 ring mail of the Shore {rPois Regen+
                  | rCorr Str-2 Stlth+}
  9999 | Lair:1   | 9999 ||| READING scroll of enchant weapon.
  9999 | Lair:1   | 9999 ||| ENCHANTING +4 war axe of flaming.
 10112 | Lair:1   | 10112 ||| DROPPING +0 acid dragon scales.
 10113 | Lair:1   | 10113 ||| DROPPING amulet of guardian spirit.
 10114 | Lair:1   | 10114 ||| READING scroll labelled INUSAU VEFICHU.
 10115 | Lair:1   | 10115 ||| READING 3 scrolls labelled KOICIU CITUSAG.
 10116 | Lair:1   | 10116 ||| DROPPING 2 scrolls of magic mapping.
 10141 | Lair:2   | 10141 ||| FLEEEEING.
 10142 | Lair:2   | 10142 ||| STAIRDANCE
 10147 | Lair:2   | 10147 ||| FLEEEEING.
 10148 | Lair:2   | 10148 ||| STAIRDANCE
 10152 | Lair:2   | 10152 ||| STAIRDANCE
 10154 | Lair:1   | 10154 ||| INVOKING Heroism.
 10177 | Lair:2   | 10177 ||| READING scroll of brand weapon.
 10177 | Lair:2   | 10177 ||| BRANDING +5 war axe of flaming.
 10310 | Lair:2   | You fall into a shaft and drop 1 floor!
 10310 | Lair:3   | Noticed Kirke
 10311 | Lair:3   | 10311 ||| INVOKING Heroism.
 10312 | Lair:3   | 10312 ||| INVOKING Finesse.
 10321 | Lair:3   | 10321 ||| DRINKING 2 potions of cancellation.
 10324 | Lair:3   | Reached skill level 12 in Axes
 10332 | Lair:3   | Killed Kirke
 10332 | Lair:3   | Identified the +5 war axe of the Incandescent {vamp, rElec}
                  | (Okawaru gifted it to you on level 3 of the Lair of Beasts)
 10332 | Lair:3   | Received a gift from Okawaru
 10333 | Lair:3   | Reached skill level 6 in Shields
 10368 | Lair:3   | 10368 ||| SWAPPING to +5 war axe of the Incandescent {vamp,
                  | rElec}.
 10383 | Lair:3   | Noticed Amaemon
 10384 | Lair:3   | 10384 ||| Stepping ~*~*~tactically~*~*~ (stealth).
 10386 | Lair:3   | 10386 ||| Stepping ~*~*~tactically~*~*~ (stealth).
 10387 | Lair:3   | 10387 ||| INVOKING Heroism.
 10401 | Lair:3   | Killed Amaemon
 10464 | Lair:3   | Found a staircase to the Shoals.
 10470 | Lair:3   | 10470 ||| READING scroll labelled LUIWUY ALOFIF.
 10665 | Lair:2   | Received a gift from Okawaru
 10687 | Lair:2   | 10687 ||| INVOKING Heroism.
 10864 | Lair:2   | 10864 ||| Stepping ~*~*~tactically~*~*~ (hiding).
 10867 | Lair:2   | Found a staircase to the Snake Pit.
 11258 | Lair:2   | 11258 ||| READING scroll labelled ANEERCH NICVU.
 11259 | Lair:2   | 11259 ||| READING 4 scrolls of identify.
 11259 | Lair:2   | 11259 ||| IDENTIFYING red potion
 11260 | Lair:2   | 11260 ||| DROPPING potion of degeneration.
 11382 | Lair:3   | 11382 ||| Stepping ~*~*~tactically~*~*~ (stealth).
 11912 | Lair:4   | Reached XP level 13. HP: 82/82 MP: 20/20
 12132 | Lair:4   | 12132 ||| INVOKING Heroism.
 12418 | Lair:4   | 12418 ||| INVOKING Heroism.
 12535 | Lair:4   | 12535 ||| INVOKING Heroism.
 12602 | Lair:4   | Noticed Rupert
 12603 | Lair:4   | 12603 ||| INVOKING Heroism.
 12604 | Lair:4   | 12604 ||| INVOKING Finesse.
 12617 | Lair:4   | Killed Rupert
 12898 | Lair:5   | Entered Level 5 of the Lair of Beasts
 12927 | Lair:5   | Found a runed translucent door.
 12927 | Lair:5   | Found a viscous altar of Jiyva.
 12932 | Lair:5   | Found a staircase to the Slime Pits.
 12933 | Lair:5   | Noticed an acid blob
 12933 | Lair:5   | Noticed an acid blob
 13019 | Lair:5   | Received a gift from Okawaru
 13021 | Lair:5   | 13021 ||| DROPPING +5 war axe of protection.
 13024 | Lair:5   | 13024 ||| INVOKING Heroism.
 13045 | Lair:5   | 13045 ||| Stepping ~*~*~tactically~*~*~ (stealth).
 13049 | Lair:5   | 13049 ||| Stepping ~*~*~tactically~*~*~ (stealth).
 13050 | Lair:5   | 13050 ||| Stepping ~*~*~tactically~*~*~ (stealth).
 13055 | Lair:5   | Reached skill level 7 in Shields
 13075 | Lair:5   | 13075 ||| Stepping ~*~*~tactically~*~*~ (stealth).
 13078 | Lair:5   | 13078 ||| Stepping ~*~*~tactically~*~*~ (stealth).
 13321 | Lair:5   | 13321 ||| INVOKING Heroism.
 13490 | Lair:5   | Found a frozen archway.
 13584 | Lair:5   | 13584 ||| Stepping ~*~*~tactically~*~*~ (stealth).
 13585 | Lair:5   | 13585 ||| Stepping ~*~*~tactically~*~*~ (stealth).
 13588 | Lair:5   | 13588 ||| Stepping ~*~*~tactically~*~*~ (stealth).
 13598 | Lair:5   | 13598 ||| INVOKING Heroism.
 13612 | Lair:5   | Reached skill level 9 in Armour
 13614 | Lair:5   | 13614 ||| Stepping ~*~*~tactically~*~*~ (stealth).
 13617 | Lair:5   | 13617 ||| Stepping ~*~*~tactically~*~*~ (stealth).
 13676 | Lair:5   | 13676 ||| Stepping ~*~*~tactically~*~*~ (stealth).
 13677 | Lair:5   | 13677 ||| Stepping ~*~*~tactically~*~*~ (stealth).
 13708 | Lair:5   | 13708 ||| Stepping ~*~*~tactically~*~*~ (stealth).
 13709 | Lair:5   | 13709 ||| Stepping ~*~*~tactically~*~*~ (stealth).
 13734 | Lair:5   | 13734 ||| INVOKING Heroism.
 13769 | Lair:5   | Reached skill level 6 in Throwing
 13769 | Lair:5   | 13769 ||| Stepping ~*~*~tactically~*~*~ (stealth).
 13782 | Lair:5   | 13782 ||| INVOKING Finesse.
 13904 | Lair:5   | 13904 ||| Stepping ~*~*~tactically~*~*~ (hiding).
 14019 | Lair:5   | 14019 ||| Stepping ~*~*~tactically~*~*~ (hiding).
 14039 | Lair:5   | 14039 ||| Stepping ~*~*~tactically~*~*~ (stealth).
 14049 | Lair:5   | Gained mutation: Your large and strong wings let you fly.
                  | [Gargoyle growth]
 14049 | Lair:5   | Reached XP level 14. HP: 86/90 MP: 21/21
 14056 | Lair:5   | Received a gift from Okawaru
 14221 | Lair:5   | 14221 ||| PLANNING D:1-11
 14221 | Lair:5   | 14221 ||| UPGRADING to +1 pair of boots of flying.
 14226 | Lair:5   | 14226 ||| DROPPING amulet of the acrobat.
 14362 | D:11     | 14362 ||| Stepping ~*~*~tactically~*~*~ (stealth).
 14370 | D:11     | 14370 ||| Stepping ~*~*~tactically~*~*~ (stealth).
 14389 | D:11     | 14389 ||| INVOKING Heroism.
 14398 | D:11     | Reached skill level 15 in Axes
 14424 | D:11     | 14424 ||| Stepping ~*~*~tactically~*~*~ (hiding).
 14426 | D:11     | 14426 ||| Stepping ~*~*~tactically~*~*~ (hiding).
 14474 | D:11     | 14474 ||| Stepping ~*~*~tactically~*~*~ (stealth).
 14475 | D:11     | 14475 ||| Stepping ~*~*~tactically~*~*~ (stealth).
 14504 | D:11     | Reached skill level 3 in Dodging
 14509 | D:11     | 14509 ||| FLEEEEING.
 14510 | D:11     | 14510 ||| STAIRDANCE
 14584 | D:10     | 14584 ||| DROPPING -1 demon whip of venom.
 14611 | D:11     | 14611 ||| Stepping ~*~*~tactically~*~*~ (stealth).
 14685 | D:11     | 14685 ||| Stepping ~*~*~tactically~*~*~ (stealth).
 14689 | D:11     | 14689 ||| Stepping ~*~*~tactically~*~*~ (stealth).
 14697 | D:11     | 14697 ||| Stepping ~*~*~tactically~*~*~ (hiding).
 14886 | D:11     | Found a staircase to the Orcish Mines.
 14963 | D:11     | 14963 ||| Stepping ~*~*~tactically~*~*~ (hiding).
 14965 | D:11     | 14965 ||| Stepping ~*~*~tactically~*~*~ (hiding).
 14966 | D:11     | 14966 ||| Stepping ~*~*~tactically~*~*~ (hiding).
 15313 | D:11     | Found a portal to a secret trove of treasure.
 15372 | D:11     | 15372 ||| PLANNING D
 15372 | D:11     | 15372 ||| READING 11 scrolls of identify.
 15372 | D:11     | 15372 ||| IDENTIFYING coppery potion
 15425 | D:12     | 15425 ||| INVOKING Heroism.
 15509 | D:12     | 15509 ||| Stepping ~*~*~tactically~*~*~ (hiding).
 15692 | D:12     | 15692 ||| Stepping ~*~*~tactically~*~*~ (hiding).
 15694 | D:12     | 15694 ||| Stepping ~*~*~tactically~*~*~ (hiding).
 15695 | D:12     | 15695 ||| Stepping ~*~*~tactically~*~*~ (hiding).
 15696 | D:12     | 15696 ||| Stepping ~*~*~tactically~*~*~ (hiding).
 15697 | D:12     | 15697 ||| Stepping ~*~*~tactically~*~*~ (hiding).
 15994 | D:12     | 15994 ||| Stepping ~*~*~tactically~*~*~ (hiding).
 15995 | D:12     | 15995 ||| Stepping ~*~*~tactically~*~*~ (hiding).
 15996 | D:12     | 15996 ||| Stepping ~*~*~tactically~*~*~ (hiding).
 16003 | D:12     | 16003 ||| INVOKING Heroism.
 16104 | D:12     | 16104 ||| Stepping ~*~*~tactically~*~*~ (hiding).
 16118 | D:12     | 16118 ||| Stepping ~*~*~tactically~*~*~ (stealth).
 16119 | D:12     | 16119 ||| Stepping ~*~*~tactically~*~*~ (stealth).
 16291 | D:13     | 16291 ||| INVOKING Heroism.
 16298 | D:13     | Reached skill level 12 in Fighting
 16329 | D:13     | 16329 ||| READING scroll of acquirement.
 16329 | D:13     | 16329 ||| ACQUIRING 632 gold pieces
 16329 | D:13     | Acquired 632 gold pieces
 16378 | D:13     | Identified the amulet "Acyc" {Drain rC++ rN+ Regen+ Int+2}
 16431 | D:13     | 16431 ||| UPGRADING to amulet "Acyc" {Drain rC++ rN+ Regen+
                  | Int+2}.
 16433 | D:13     | 16433 ||| UPGRADING to amulet "Acyc" {Drain rC++ rN+ Regen+
                  | Int+2}.
 16443 | D:13     | 16443 ||| UPGRADING to amulet of reflection.
 16448 | D:13     | 16448 ||| UPGRADING to amulet "Acyc" {Drain rC++ rN+ Regen+
                  | Int+2}.
 16509 | D:13     | 16509 ||| INVOKING Heroism.
 16583 | D:13     | Identified the amulet "Tedwomoz" {RegenMP rF++ Str+3}
 16596 | D:13     | 16596 ||| DROPPING +1 pair of boots of stealth.
 16748 | D:13     | Received a gift from Okawaru
 16921 | D:14     | 16921 ||| INVOKING Heroism.
 16983 | D:14     | 16983 ||| FLEEEEING.
 16984 | D:14     | 16984 ||| FLEEEEING.
 16985 | D:14     | 16985 ||| FLEEEEING.
 16986 | D:14     | 16986 ||| FLEEEEING.
 16987 | D:14     | 16987 ||| FLEEEEING.
 16993 | D:14     | 16993 ||| Stepping ~*~*~tactically~*~*~ (hiding).
 16994 | D:14     | 16994 ||| Stepping ~*~*~tactically~*~*~ (hiding).
 16997 | D:14     | 16997 ||| Stepping ~*~*~tactically~*~*~ (hiding).
 17046 | D:14     | 17046 ||| Stepping ~*~*~tactically~*~*~ (hiding).
 17174 | D:14     | Identified the +8 rapier "Noleel" {flame, *Rage rN+ Str+3
                  | Int+2}
 17178 | D:14     | 17178 ||| INVOKING Heroism.
 17201 | D:14     | 17201 ||| INVOKING Finesse.
 17205 | D:14     | 17205 ||| SWAPPING to +0 eveningstar of draining.
 17229 | D:14     | HP: 9/92 [acid dragon/splash of acid (20)]
 17230 | D:14     | 17230 ||| READING 15 scrolls of teleportation.
 17231 | D:14     | 17231 ||| DRINKING 5 potions of heal wounds.
 17234 | D:14     | HP: 21/92 [five-headed hydra (6)]
 17235 | D:14     | 17235 ||| DRINKING 4 potions of heal wounds.
 17236 | D:14     | 17236 ||| SWAPPING to +5 war axe of the Incandescent {vamp,
                  | rElec}.
 17259 | D:14     | 17259 ||| Stepping ~*~*~tactically~*~*~ (stealth).
 17335 | D:14     | 17335 ||| FLEEEEING.
 17336 | D:14     | 17336 ||| FLEEEEING.
 17337 | D:14     | 17337 ||| FLEEEEING.
 17338 | D:14     | 17338 ||| FLEEEEING.
 17340 | D:14     | 17340 ||| FLEEEEING.
 17341 | D:14     | 17341 ||| FLEEEEING.
 17342 | D:14     | 17342 ||| FLEEEEING.
 17343 | D:14     | 17343 ||| FLEEEEING.
 17345 | D:14     | 17345 ||| FLEEEEING.
 17346 | D:14     | 17346 ||| FLEEEEING.
 17352 | D:14     | 17352 ||| Stepping ~*~*~tactically~*~*~ (hiding).
 17368 | D:14     | 17368 ||| INVOKING Heroism.
 17369 | D:14     | 17369 ||| INVOKING Finesse.
 17479 | D:14     | Found a gate to the Vaults.
 17481 | D:14     | 17481 ||| Stepping ~*~*~tactically~*~*~ (hiding).
 17482 | D:14     | 17482 ||| Stepping ~*~*~tactically~*~*~ (hiding).
 17483 | D:14     | 17483 ||| Stepping ~*~*~tactically~*~*~ (hiding).
 17494 | D:14     | Reached skill level 8 in Shields
 17652 | D:14     | Received a gift from Okawaru
 17745 | D:14     | 17745 ||| INVOKING Heroism.
 17746 | D:14     | 17746 ||| INVOKING Finesse.
 17749 | D:14     | 17749 ||| SWAPPING to +0 eveningstar of draining.
 17756 | D:14     | Reached XP level 15. HP: 90/96 MP: 15/22
 17756 | D:14     | 17756 ||| SWAPPING to +5 war axe of the Incandescent {vamp,
                  | rElec}.
 18161 | D:14     | 18161 ||| UPGRADING to +0 kite shield.
 18171 | D:14     | 18171 ||| DROPPING +0 buckler.
 18172 | D:14     | 18172 ||| UPGRADING to +0 tower shield.
 18182 | D:14     | 18182 ||| DROPPING +0 kite shield.
 18183 | D:14     | 18183 ||| READING 13 scrolls of identify.
 18183 | D:14     | 18183 ||| IDENTIFYING black potion
 18184 | D:14     | 18184 ||| DROPPING potion of invisibility.
 18199 | D:15     | Entered Level 15 of the Dungeon
 18217 | D:15     | 18217 ||| INVOKING Heroism.
 18340 | D:15     | 18340 ||| INVOKING Heroism.
 18345 | D:15     | Received a gift from Okawaru
 18351 | D:15     | Reached skill level 9 in Shields
 18403 | D:15     | 18403 ||| Stepping ~*~*~tactically~*~*~ (stealth).
 18416 | D:15     | 18416 ||| Stepping ~*~*~tactically~*~*~ (stealth).
 18450 | D:15     | Reached skill level 10 in Shields
 18462 | D:15     | Found Epecs's Magic Scroll Shop.
 18475 | D:15     | 18475 ||| BUYING scroll of enchant weapon (120 gold).
 18475 | D:15     | Bought a scroll of enchant weapon for 120 gold pieces
 18523 | D:15     | 18523 ||| INVOKING Heroism.
 18524 | D:15     | Received a gift from Okawaru
 18529 | D:15     | 18529 ||| READING 14 scrolls of teleportation.
 18539 | D:15     | 18539 ||| Stepping ~*~*~tactically~*~*~ (stealth).
 18543 | D:15     | 18543 ||| Stepping ~*~*~tactically~*~*~ (stealth).
 18548 | D:15     | 18548 ||| Stepping ~*~*~tactically~*~*~ (stealth).
 18556 | D:15     | Received a gift from Okawaru
 18557 | D:15     | 18557 ||| Stepping ~*~*~tactically~*~*~ (hiding).
 18562 | D:15     | Reached skill level 11 in Shields
 18623 | D:15     | 18623 ||| Stepping ~*~*~tactically~*~*~ (stealth).
 18713 | D:15     | Found Iloahess's Neck Hole.
 18719 | D:15     | 18719 ||| BUYING amulet of faith (640 gold).
 18719 | D:15     | Bought an amulet of faith for 640 gold pieces
 18755 | D:15     | 18755 ||| Stepping ~*~*~tactically~*~*~ (stealth).
 18765 | D:15     | Received a gift from Okawaru
 18776 | D:15     | Identified the +2 robe "Reoja" {Will++ Str+5 Int-3}
                  | (Okawaru gifted it to you on level 15 of the Dungeon)
 18776 | D:15     | Received a gift from Okawaru
 18965 | D:15     | 18965 ||| Stepping ~*~*~tactically~*~*~ (hiding).
 18969 | D:15     | 18969 ||| INVOKING Heroism.
 18989 | D:15     | Reached skill level 12 in Shields
 19016 | D:15     | Found a staircase to the Depths.
 19177 | D:15     | 19177 ||| PLANNING ORC
 19177 | D:15     | 19177 ||| UPGRADING to amulet of faith.
 19187 | D:15     | 19187 ||| DROPPING +6 ring of intelligence.
 19318 | Orc:1    | Entered Level 1 of the Orcish Mines
 19326 | Orc:1    | 19326 ||| Stepping ~*~*~tactically~*~*~ (hiding).
 19380 | Orc:1    | 19380 ||| Stepping ~*~*~tactically~*~*~ (stealth).
 19452 | Orc:1    | 19452 ||| Stepping ~*~*~tactically~*~*~ (hiding).
 19455 | Orc:1    | 19455 ||| Stepping ~*~*~tactically~*~*~ (hiding).
 19607 | Orc:2    | Entered Level 2 of the Orcish Mines
 19622 | Orc:2    | 19622 ||| INVOKING Heroism.
 19833 | Orc:2    | Found a staircase to the Elven Halls.
 19865 | Orc:2    | Found Cifamuol's Overcharged Wands.
 20006 | Orc:2    | Found Lyoscho's Book Emporium.
 20036 | Orc:2    | 20036 ||| FLEEEEING.
 20037 | Orc:2    | 20037 ||| FLEEEEING.
 20038 | Orc:2    | 20038 ||| FLEEEEING.
 20039 | Orc:2    | 20039 ||| FLEEEEING.
 20045 | Orc:2    | 20045 ||| FLEEEEING.
 20046 | Orc:2    | 20046 ||| FLEEEEING.
 20047 | Orc:2    | 20047 ||| FLEEEEING.
 20048 | Orc:2    | 20048 ||| FLEEEEING.
 20049 | Orc:2    | 20049 ||| FLEEEEING.
 20050 | Orc:2    | 20050 ||| STAIRDANCE
 20154 | Orc:2    | 20154 ||| INVOKING Heroism.
 20197 | Orc:2    | Reached skill level 13 in Shields
 20197 | Orc:2    | 20197 ||| INVOKING Finesse.
 20254 | Orc:2    | 20254 ||| INVOKING Heroism.
 20280 | Orc:2    | Found Qolek's Distillery.
 20280 | Orc:2    | Found Jojots's Antique Armour Emporium.
 20281 | Orc:2    | Found Tabruv's Book Shop.
 20281 | Orc:2    | Found Reggees's Assorted Antiques.
 20289 | Orc:2    | 20289 ||| BUYING 2 potions of mutation (160 gold).
 20289 | Orc:2    | Bought 2 potions of mutation for 160 gold pieces
 20289 | Orc:2    | 20289 ||| BUYING potion of curing (30 gold).
 20289 | Orc:2    | Bought a potion of curing for 30 gold pieces
 20289 | Orc:2    | 20289 ||| BUYING potion of haste (100 gold).
 20289 | Orc:2    | Bought a potion of haste for 100 gold pieces
 20289 | Orc:2    | 20289 ||| BUYING potion of heal wounds (50 gold).
 20289 | Orc:2    | Bought a potion of heal wounds for 50 gold pieces
 20289 | Orc:2    | 20289 ||| BUYING potion of might (40 gold).
 20289 | Orc:2    | Bought a potion of might for 40 gold pieces
 20289 | Orc:2    | 20289 ||| BUYING potion of resistance (100 gold).
 20289 | Orc:2    | Bought a potion of resistance for 100 gold pieces
 20289 | Orc:2    | 20289 ||| BUYING potion of resistance (100 gold).
 20289 | Orc:2    | Bought a potion of resistance for 100 gold pieces
 20300 | Orc:2    | 20300 ||| BUYING scroll of teleportation (78 gold).
 20300 | Orc:2    | Bought a scroll of teleportation for 78 gold pieces
 20300 | Orc:2    | 20300 ||| BUYING shiny helmet (195 gold).
 20300 | Orc:2    | Bought a shiny helmet for 195 gold pieces
 20302 | Orc:2    | 20302 ||| BUYING embroidered hat (196 gold).
 20302 | Orc:2    | Bought an embroidered hat for 196 gold pieces
 20497 | Orc:2    | 20497 ||| PLANNING SHOALS:1-3
 20497 | Orc:2    | 20497 ||| DROPPING +1 helmet.
 20498 | Orc:2    | 20498 ||| DROPPING +2 hat.
 20611 | Shoals:1 | Entered Level 1 of the Shoals
 20621 | Shoals:1 | 20621 ||| STAIRDANCE
 20674 | Shoals:1 | 20674 ||| INVOKING Heroism.
 20788 | Shoals:1 | Reached skill level 14 in Shields
 20810 | Shoals:1 | 20810 ||| INVOKING Heroism.
 20842 | Shoals:1 | Reached XP level 16. HP: 101/101 MP: 23/23
 20891 | Shoals:1 | 20891 ||| Stepping ~*~*~tactically~*~*~ (hiding).
 20893 | Shoals:1 | 20893 ||| Stepping ~*~*~tactically~*~*~ (hiding).
 20895 | Shoals:1 | 20895 ||| Stepping ~*~*~tactically~*~*~ (hiding).
 20896 | Shoals:1 | 20896 ||| Stepping ~*~*~tactically~*~*~ (hiding).
 20912 | Shoals:1 | 20912 ||| Stepping ~*~*~tactically~*~*~ (hiding).
 20913 | Shoals:1 | 20913 ||| Stepping ~*~*~tactically~*~*~ (hiding).
 20914 | Shoals:1 | 20914 ||| Stepping ~*~*~tactically~*~*~ (hiding).
 20941 | Shoals:1 | Received a gift from Okawaru
 20968 | Shoals:1 | Reached skill level 15 in Shields
 21032 | Shoals:1 | 21032 ||| Stepping ~*~*~tactically~*~*~ (hiding).
 21047 | Shoals:1 | 21047 ||| Stepping ~*~*~tactically~*~*~ (hiding).
 21048 | Shoals:1 | 21048 ||| Stepping ~*~*~tactically~*~*~ (stealth).
 21049 | Shoals:1 | 21049 ||| Stepping ~*~*~tactically~*~*~ (hiding).
 21050 | Shoals:1 | 21050 ||| Stepping ~*~*~tactically~*~*~ (hiding).
 21051 | Shoals:1 | 21051 ||| Stepping ~*~*~tactically~*~*~ (hiding).
 21053 | Shoals:1 | 21053 ||| Stepping ~*~*~tactically~*~*~ (hiding).
 21054 | Shoals:1 | 21054 ||| Stepping ~*~*~tactically~*~*~ (hiding).
 21308 | Shoals:1 | 21308 ||| INVOKING Heroism.
 21509 | Shoals:1 | 21509 ||| INVOKING Heroism.
 21827 | Shoals:2 | Noticed Polyphemus
 21828 | Shoals:2 | 21828 ||| INVOKING Heroism.
 21829 | Shoals:2 | 21829 ||| INVOKING Finesse.
 21855 | Shoals:2 | Killed Polyphemus
 21856 | Shoals:2 | Reached skill level 16 in Shields
 21928 | Shoals:2 | 21928 ||| Stepping ~*~*~tactically~*~*~ (hiding).
 22049 | Shoals:2 | Noticed Ilsuiw
 22050 | Shoals:2 | 22050 ||| Stepping ~*~*~tactically~*~*~ (hiding).
 22054 | Shoals:2 | 22054 ||| INVOKING Heroism.
 22055 | Shoals:2 | 22055 ||| INVOKING Finesse.
 22094 | Shoals:2 | 22094 ||| INVOKING Finesse.
 22112 | Shoals:2 | Killed Ilsuiw
 22112 | Shoals:2 | Received a gift from Okawaru
 22725 | Shoals:3 | 22725 ||| Stepping ~*~*~tactically~*~*~ (hiding).
 22729 | Shoals:3 | 22729 ||| Stepping ~*~*~tactically~*~*~ (hiding).
 23063 | Shoals:3 | Received a gift from Okawaru
 23087 | Shoals:3 | 23087 ||| INVOKING Heroism.
 23131 | Shoals:3 | Reached skill level 17 in Shields
 23211 | Shoals:3 | 23211 ||| INVOKING Heroism.
 23226 | Shoals:3 | 23226 ||| INVOKING Heroism.
 23236 | Shoals:3 | Received a gift from Okawaru
 23242 | Shoals:3 | Noticed Mara
 23243 | Shoals:3 | 23243 ||| INVOKING Finesse.
 23274 | Shoals:3 | Killed Mara
 23624 | Shoals:3 | 23624 ||| PLANNING SNAKE:1-3
 23742 | Snake:1  | Entered Level 1 of the Snake Pit
 23742 | Snake:1  | Noticed Aizul
 23743 | Snake:1  | 23743 ||| INVOKING Heroism.
 23744 | Snake:1  | 23744 ||| INVOKING Finesse.
 23769 | Snake:1  | Killed Aizul
 23872 | Snake:1  | Received a gift from Okawaru
 23957 | Snake:1  | Received a gift from Okawaru
 24574 | Snake:1  | 24574 ||| Stepping ~*~*~tactically~*~*~ (stealth).
 24576 | Snake:1  | 24576 ||| Stepping ~*~*~tactically~*~*~ (stealth).
 24673 | Snake:1  | 24673 ||| READING scroll of enchant armour.
 24673 | Snake:1  | 24673 ||| ENCHANTING +0 pair of gloves.
 25034 | Snake:2  | Found a basalt altar of Yredelemnul.
 25046 | Snake:2  | Reached XP level 17. HP: 101/108 MP: 24/24
 25291 | Snake:2  | 25291 ||| Stepping ~*~*~tactically~*~*~ (hiding).
 25304 | Snake:2  | Identified the +1 robe of the Bulwark {MP+9 Stlth+}
                  | (Okawaru gifted it to you on level 2 of the Snake Pit)
 25304 | Snake:2  | Received a gift from Okawaru
 25369 | Snake:2  | Found Edwatick's Magic Scroll Emporium.
 25381 | Snake:2  | 25381 ||| BUYING scroll of enchant armour (127 gold).
 25381 | Snake:2  | Bought a scroll of enchant armour for 127 gold pieces
 25381 | Snake:2  | 25381 ||| BUYING scroll of teleportation (51 gold).
 25381 | Snake:2  | Bought a scroll of teleportation for 51 gold pieces
 25381 | Snake:2  | 25381 ||| READING scroll of enchant armour.
 25381 | Snake:2  | 25381 ||| ENCHANTING +1 pair of gloves.
 25855 | Snake:2  | 25855 ||| Stepping ~*~*~tactically~*~*~ (stealth).
 25858 | Snake:2  | 25858 ||| INVOKING Heroism.
 25877 | Snake:2  | Reached skill level 18 in Shields
 25879 | Snake:2  | 25879 ||| DROPPING +0 eveningstar of draining.
 26256 | Snake:3  | 26256 ||| Stepping ~*~*~tactically~*~*~ (stealth).
 26274 | Snake:3  | 26274 ||| Stepping ~*~*~tactically~*~*~ (hiding).
 26290 | Snake:3  | 26290 ||| INVOKING Heroism.
 26433 | Snake:3  | Reached skill level 12 in Armour
 26489 | Snake:3  | 26489 ||| FLEEEEING.
 26490 | Snake:3  | 26490 ||| Stepping ~*~*~tactically~*~*~ (hiding).
 26494 | Snake:3  | 26494 ||| Stepping ~*~*~tactically~*~*~ (hiding).
 26496 | Snake:3  | Noticed Nikola
 26497 | Snake:3  | 26497 ||| INVOKING Heroism.
 26498 | Snake:3  | 26498 ||| INVOKING Finesse.
 26510 | Snake:3  | 26510 ||| Stepping ~*~*~tactically~*~*~ (hiding).
 26536 | Snake:3  | 26536 ||| INVOKING Heroism.
 26554 | Snake:3  | Killed Nikola
 26564 | Snake:3  | Received a gift from Okawaru
 26972 | Snake:3  | 26972 ||| PLANNING SHOALS:4
 27130 | Shoals:4 | Entered Level 4 of the Shoals
 27131 | Shoals:4 | 27131 ||| INVOKING Heroism.
 27132 | Shoals:4 | Noticed Donald
 27133 | Shoals:4 | 27133 ||| INVOKING Finesse.
 27157 | Shoals:4 | HP: 22/112 [Donald/+2 heavy long sword (33)]
 27158 | Shoals:4 | 27158 ||| READING 18 scrolls of teleportation.
 27159 | Shoals:4 | 27159 ||| DRINKING 4 potions of heal wounds.
 27175 | Shoals:4 | Killed Donald
 27212 | Shoals:4 | 27212 ||| INVOKING Finesse.
 27216 | Shoals:4 | 27216 ||| INVOKING Heroism.
 27220 | Shoals:4 | Reached skill level 15 in Fighting
 27240 | Shoals:4 | Received a gift from Okawaru
 27248 | Shoals:4 | Noticed a sphinx
 27268 | Shoals:4 | Killed a sphinx
 27270 | Shoals:4 | 27270 ||| INVOKING Heroism.
 27289 | Shoals:4 | Noticed a sphinx
 27303 | Shoals:4 | Received a gift from Okawaru
 27335 | Shoals:4 | Received a gift from Okawaru
 27345 | Shoals:4 | Reached XP level 18. HP: 44/119 MP: 25/25
 27379 | Shoals:4 | 27379 ||| INVOKING Heroism.
 27396 | Shoals:4 | 27396 ||| INVOKING Heroism.
 27413 | Shoals:4 | Paralysed by a sphinx for 5 turns
 27416 | Shoals:4 | HP: 29/119 [merfolk impaler/+5 trident of flaming (2)]
 27417 | Shoals:4 | HP: 1/119 [water nymph/the raging water (15)]
 27417 | Shoals:4 | Slain by a merfolk

Levels and vault maps discovered:
D:1:      arrival_zaba_pyramid, layout_loops_corners,
          chequers_ecumenical_altar_simple, serial_bayou_lagoon_a,
          minmay_misc_feat_rows
D:2:      layout_basic, basic_altar
D:3:      layout_rooms
D:4:      layout_loops_cross, ebering_ghost_reflecting_pool, serial_shops,
          nicolae_shop_tiny_glass, uniq_menkaure
D:5:      layout_basic, serial_shops, shop, enter_ossuary_4,
          kennysheep_generic_room_7
D:6:      layout_gridville, minmay_temple_entry_butterflies
D:7:      layout_loops_ring, minmay_misc_feat_alley, st_stairs_7,
          hangedman_abyss_or_decor_slice, minmay_misc_feat_ornament
D:8:      layout_cave_pools, mainiacjoe_overflow_big_doors,
          chequers_serial_rivers_large_a, nicolae_kite_square_tiling_tiny,
          doesnt_shop_hydraphobe, uniq_maggie, uniq_maurice
D:9:      layout_irregular_city
D:10:     layout_stronghold, mainiacjoe_overflow_24_doors,
          grunt_lair_entry_orc_guard_hut, serial_shops,
          nicolae_shop_advertising_works [nicolae_subvault_shop_adworks],
          uniq_sonja, uniq_urug
D:11:     layout_loops_ring, erik_orc_4, enter_trove_0,
          amcnicky_mini_pool_medium
D:12:     layout_basic
D:13:     layout_big_octagon
D:14:     layout_roguey, lightli_vaults_fourway_checkpoint, serial_glass,
          glass_columns_a, glass_columns_c
D:15:     grunt_enter_depths_hoard, layout_stronghold, minmay_misc_feat_doors,
          serial_shops, nicolae_shop_peninsula, reono_crystal_passage,
          nicolae_shop_sticking_my_neck_out
Temple:   compressed_dpeg_triangle_lava_temple
Lair:1:   layout_gridlike, minivault_19, nicolae_quartered_pool_impasse,
          grunt_megastairs_5, lemuel_fruit_tree
Lair:2:   layout_small_grid, nicolae_snake_entry_squirm
Lair:3:   layout_cave_shapes, minmay_shoals_entry_beasts, minivault_11,
          nicolae_lair_lil_pond, uniq_amaemon, uniq_kirke
Lair:4:   layout_cave_pods, grunt_forest_small_clearing_treed, uniq_rupert
Lair:5:   hangedman_lair_caniforms_friends, layout_concentric_octagons,
          wormcave, slime_entry_2, portal_ice_cave_demonic_guard,
          infiniplex_staircase_pool
Shoals:1: layout_shoals
Shoals:2: layout_shoals, argonaut_gorgonesque, uniq_polyphemus, uniq_ilsuiw
Shoals:3: layout_shoals, nicolae_splish_splash, uniq_mara
Shoals:4: shoals_end_hellmonk_lost_city, uniq_donald
Snake:1:  layout_chambers, chequers_hall_statues_corner_a, uniq_aizul
Snake:2:  layout_onion, basic_altar, serial_shops, shop, nicolae_integral_box
Snake:3:  layout_rooms, serial_bayou_shore_b, serial_bayou_shore_b, uniq_nikola
Orc:1:    layout_caves
Orc:2:    st_orc_elflike, layout_caves, serial_shops,
          nicolae_book_shop_shelving, nicolae_shop_overcharged_wands

Skill      XL: |  1  2  3  4  5  6  7  8  9 10 11 12 13 14 15 16 17 |
---------------+----------------------------------------------------+-----
Axes           | 2 3 4 5 6 7 9 11 13 14 16 | 16.0
Fighting       | 4 5 6 7 8 9 10 11 12 13 15 | 15.1
Dodging        | 1 2 3 4 |  4.0
Armour         | 5 7 9 10 11 13 | 13.0
Shields        | 4 5 6 7 8 14 17 18 | 18.7
Invocations    | 5 9 10 | 10.0
Throwing       | 1 3 5 6 7 |  7.1

Action                     |  1- 3 |  4- 6 |  7- 9 | 10-12 | 13-15 | 16-18 || total
---------------------------+-------+-------+-------+-------+-------+-------++-------
  Melee: War axe           |   106 |   143 |   254 |   493 |  1224 |  1188 ||  3408
         Eveningstar       |       |       |       |       |    33 |       ||    33
  Throw: Boomerang         |       |       |     2 |    26 |    12 |       ||    40
         Javelin           |       |       |       |    76 |   133 |    24 ||   233
 Invoke: Heroism           |       |       |     2 |    19 |    26 |    17 ||    64
         Finesse           |       |       |       |     1 |     6 |     8 ||    15
    Use: Scroll            |     4 |     8 |     5 |    14 |     5 |     3 ||    39
         Potion            |       |     1 |     2 |     1 |     2 |     1 ||     7
   Stab: Distracted        |       |       |     1 |       |       |       ||     1
 Armour: Scale mail        |    40 |       |       |       |       |       ||    40
         Chain mail        |     9 |    58 |    72 |   204 |   591 |   548 ||  1482
  Dodge: Dodged            |    59 |    65 |    92 |   237 |   632 |   462 ||  1547
  Block: Buckler           |    20 |    40 |    88 |   245 |   330 |       ||   723
         Reflection        |       |       |     6 |     5 |    16 |       ||    27
         Tower shield      |       |       |       |       |   396 |  1173 ||  1569

Table legend:
 A = Non-vault XP
 B = Vault XP
 C = Vault XP percentage of total XP
 D = Non-vault monster count
 E = Vault monster count
 F = Vault count percentage of total count
                 A         B        C        D         E       F
            +---------+---------+-------+---------+---------+-------
      Total |  167146 |   81736 |  32.8 |     657 |     225 |  25.5
            +---------+---------+-------+---------+---------+-------
        D:1 |      29 |       0 |   0.0 |      19 |       0 |   0.0
        D:2 |      37 |       0 |   0.0 |      18 |       0 |   0.0
        D:3 |      83 |       0 |   0.0 |      20 |       0 |   0.0
        D:4 |     365 |     190 |  34.2 |      18 |       1 |   5.3
        D:5 |    1181 |       6 |   0.5 |      20 |       3 |  13.0
        D:6 |    1117 |       0 |   0.0 |      27 |       0 |   0.0
        D:7 |    2725 |     187 |   6.4 |      26 |       1 |   3.7
        D:8 |    2101 |     864 |  29.1 |      23 |       2 |   8.0
        D:9 |    2120 |       0 |   0.0 |      22 |       0 |   0.0
       D:10 |    2298 |    1578 |  40.7 |      22 |       7 |  24.1
       D:11 |    3310 |    2753 |  45.4 |      28 |      20 |  41.7
       D:12 |    6066 |       0 |   0.0 |      24 |       0 |   0.0
       D:13 |    4820 |       0 |   0.0 |      16 |       0 |   0.0
       D:14 |    7761 |    8099 |  51.1 |      15 |      12 |  44.4
       D:15 |   20053 |    1828 |   8.4 |      41 |       2 |   4.7
     Lair:1 |    5192 |      93 |   1.8 |      21 |       1 |   4.5
     Lair:2 |    4196 |     486 |  10.4 |      21 |       3 |  12.5
     Lair:3 |    2747 |    3907 |  58.7 |       8 |       8 |  50.0
     Lair:4 |    4240 |    1798 |  29.8 |      15 |       1 |   6.2
     Lair:5 |    6398 |   11009 |  63.2 |      22 |      58 |  72.5
   Shoals:1 |   20967 |       0 |   0.0 |      40 |       0 |   0.0
   Shoals:2 |    3215 |    7657 |  70.4 |       7 |       9 |  56.2
   Shoals:3 |    7173 |    6536 |  47.7 |      14 |       6 |  30.0
   Shoals:4 |   12373 |   23175 |  65.2 |      22 |      34 |  60.7
    Snake:1 |   12803 |    1162 |   8.3 |      24 |       1 |   4.0
    Snake:2 |   16089 |       0 |   0.0 |      37 |       0 |   0.0
    Snake:3 |   13901 |    2288 |  14.1 |      32 |       1 |   3.0
      Orc:1 |    1779 |       0 |   0.0 |      19 |       0 |   0.0
      Orc:2 |    2007 |    7868 |  79.7 |      36 |      23 |  39.0
    Ossuary |       0 |     252 | 100.0 |       0 |      32 | 100.0
            +---------+---------+-------+---------+---------+-------
